 Dungeon Crawl Stone Soup version 0.30-a0-702-gdf48620a09 (webtiles) character file.

Game seed: 15518542599983257328

2055 Citaku the Protected (level 9, -2/78 HPs)
             Began as a Minotaur Fighter on Jan 21, 2023.
             Slain by a gnoll
             ... wielding a +0 spear
              (8 damage)
             ... on level 7 of the Dungeon.
             The game lasted 00:06:59 (4881 turns).

Citaku the Protected (Minotaur Fighter)             Turns: 4881, Time: 00:07:00

Health: -2/78      AC: 15    Str: 28    XL:     9   Next: 5%
Magic:  8/8        EV:  4    Int:  5    God:
Gold:   311        SH:  0    Dex: 10    Spells: 8/8 levels left

rFire   . . .      SeeInvis .    i - +7 broad axe of Ufuzen {speed, rElec rPois Str+3}
rCold   . . .      Faith    .    c - +0 buckler
rNeg    . . .      Spirit   .    f - +0 plate armour
rPois   +          Reflect  .    (helmet restricted)
rElec   +          Harm     .    a - +0 cloak
rCorr   .          Rampage  .    (no gloves)
Will    .....                    (no boots) Stlth
                                 (no amulet)
HPRegen 0.33/turn                (no ring)
MPRegen 0.11/turn                (no ring)

@: weakened, held
A: horns 2, retaliatory headbutt
a: no special abilities


You were on level 7 of the Dungeon.
You visited 1 branch of the dungeon, and saw 7 of its levels.

You collected 311 gold pieces.

Inventory:

Hand Weapons
 i - the +7 broad axe of Ufuzen (weapon) {speed, rElec rPois Str+3}
   (You found it on level 2 of the Dungeon)

   Str:       It affects your strength (+3).
   rElec:     It insulates you from electricity.
   rPois:     It protects you from poison.
Armour
 a - a +0 cloak (worn)
 c - a +0 buckler (worn)
 f - a +0 plate armour (worn)
Scrolls
 e - 8 scrolls of identify {unknown}
 g - a scroll of enchant armour {unknown}
 j - a scroll of brand weapon {unknown}
 k - a scroll of teleportation {unknown}
 l - a scroll of poison {unknown}
 n - a scroll of immolation {unknown}
 p - a scroll of blinking {unknown}
 q - a scroll of butterflies {unknown}
Potions
 b - 2 potions of attraction {unknown}
 d - 2 potions of flight {unknown}
 h - a potion of heal wounds {unknown}
 m - 2 potions of berserk rage {unknown}
 o - 2 potions of curing {unknown}
 r - a potion of brilliance {unknown}


   Skills:
 + Level 6.9 Fighting
 * Level 8.5 Axes
 * Level 9.0 Armour
 + Level 6.7 Shields


You had 8 spell levels left.
You didn't know any spells.
Your spell library contained the following spells:

 Spells                   Type           Power      Damage    Failure   Level
 Foxfire                  Conj/Fire      0%         2x1d4     99%         1
 Sandblast                Erth           0%         2d4       99%         1
 Blink                    Tloc           0%         N/A       100%        2
 Lesser Beckoning         Tloc           0%         N/A       100%        2
 Momentum Strike          Conj/Tloc      0%         3d8       100%        2
 Passwall                 Tmut/Erth      0%         N/A       100%        2
 Hailstorm                Conj/Ice       0%         3d3       100%        3
 Ignite Poison            Fire/Tmut/Pois 0%         N/A       100%        3
 Kindle Blastsparks       Fire/Tloc/Air  0%         2d10      100%        3
 Portal Projectile        Hex/Tloc       0%         N/A       100%        3
 Stone Arrow              Conj/Erth      0%         3d7       100%        3
 Tukima's Dance           Hex            0%         N/A       100%        3
 Airstrike                Air            0%         2d(0-16)  100%        4
 Ice Form                 Ice/Tmut       0%         N/A       100%        4
 Summon Lightning Spire   Summ/Air       0%         N/A       100%        4
 Alistair's Intoxication  Tmut/Pois      0%         N/A       100%        5
 Blade Hands              Tmut           0%         N/A       100%        5
 Borgnjor's Vile Clutch   Necr/Erth      0%         N/A       100%        5
 Fireball                 Conj/Fire      0%         3d3       100%        5
 Freezing Cloud           Conj/Ice/Air   0%         6-21      100%        5
 Lightning Bolt           Conj/Air       0%         1d11      100%        5
 Eringya's Noxious Bog    Tmut/Pois      0%         N/A       100%        6
 Simulacrum               Ice/Necr       0%         N/A       100%        6
 Starburst                Conj/Fire      0%         6d3       100%        6


Dungeon Overview and Level Annotations

Branches:
Dungeon (7/15)
 Temple: D:4-7

Altars:
Fedhas
Makhleb
Wu Jian


Innate Abilities, Weirdness & Mutations

You have a pair of horns on your head.
You reflexively headbutt those who attack you in melee.


Message History

The gnoll bouda hits you with a +0 whip.
You struggle against the net.
The gnoll hits you from afar with a +0 halberd.
The jackal bites you but does no damage.
The gnoll barely misses you. The gnoll bouda barely misses you.
You struggle against the net.
The jackal bites you but does no damage.
The gnoll hits you from afar with a +0 halberd.
The gnoll hits you but does no damage.
The gnoll bouda hits you with a +0 whip.
You rip the net and break free!
The jackal bites you but does no damage.
The gnoll hits you but does no damage. The jackal completely misses you.
You furiously retaliate!
You headbutt the jackal. The gnoll hits you but does no damage.
The gnoll throws a throwing net.
The throwing net hits you.
You become entangled in the net!
The gnoll bouda hits you but does no damage.
You struggle against the net.
The jackal bites you but does no damage.
The gnoll hits you from afar with a +0 halberd.
* * * LOW HITPOINT WARNING * * *
The gnoll hits you from afar with a +0 spear.
* * * LOW HITPOINT WARNING * * *
The gnoll bouda gazes fiercely through you!
You feel as though you will be weak longer.
The gnoll bouda hits you with a +0 whip.
* * * LOW HITPOINT WARNING * * *
You struggle against the net.
The gnoll is no longer moving quickly. x2
The jackal bites you but does no damage.
The gnoll barely misses you.
The jackal bites you but does no damage.
The gnoll hits you from afar with a +0 spear.
* * * LOW HITPOINT WARNING * * *
The gnoll bouda hits you but does no damage.
You struggle against the net.
The gnoll hits you from afar with a +0 halberd!
* * * LOW HITPOINT WARNING * * *
The jackal bites you but does no damage.
The gnoll hits you from afar with a +0 spear!
You die...

#......# ####.= #...
##....# # ......###..#
##<....#.. ...........#
#........#
...........####........#
...g.....#...#[.......##
...≈≈gg.##......†.....##
....≈≈hg#...#.##........
.....≈.@....#...........
.....≈≈...).............
#....g≈≈...##...........
#......≈................
.......≈................
..##...≈.###....##......
. ##..≈.# #....# ......
##.≈.# .....# ..... #.≈
#.###.# ..


You could see a gnoll bouda, 4 gnolls and a jackal.

Vanquished Creatures
  Sigmund (D:2)
  A wyvern (D:6)
  2 water moccasins
  A black bear (D:5)
  2 ice beasts (D:6)
  2 ogres (D:5)
  2 kobold brigands (D:6)
  2 necrophages
  A gnoll sergeant (D:7)
  2 scorpions
  A howler monkey (D:4)
  4 hounds
  2 jellies
  An orc priest (D:3)
  Crazy Yiuf (D:2)
  Jessica (D:2)
  An orc wizard (D:3)
  2 iguanas (D:5)
  Robin (D:3)
  4 gnolls (D:5)
  6 adders
  A shadow imp (D:5)
  A white imp (D:5)
  An ufetubus (D:5)
  A worm (D:2)
  3 dart slugs
  14 orcs
  6 ball pythons
  10 endoplasms
  13 giant cockroaches
  11 hobgoblins
  6 jackals
  8 quokkas
  4 bats
  16 frilled lizards
  8 goblins
  18 kobolds
  6 rats
167 creatures vanquished.

Vanquished Creatures (others)
  5 fungi (D:2)
  4 plants (D:3)
9 creatures vanquished.

Grand Total: 176 creatures vanquished

Notes
Turn   | Place    | Note
-------+----------+-------------------------------------------
     0 | D:1      | Citaku the Minotaur Fighter began the quest for the Orb.
     0 | D:1      | Reached XP level 1. HP: 19/19 MP: 0/0
   122 | D:1      | Reached XP level 2. HP: 27/27 MP: 1/1
   296 | D:1      | Reached skill level 4 in Armour
   864 | D:2      | Reached XP level 3. HP: 31/33 MP: 2/2
   911 | D:2      | Noticed Sigmund
   920 | D:2      | Killed Sigmund
   921 | D:2      | Reached skill level 5 in Armour
   921 | D:2      | Reached XP level 4. HP: 16/41 MP: 3/3
   921 | D:2      | Reached XP level 5. HP: 18/47 MP: 4/4
  1409 | D:2      | Noticed Jessica
  1411 | D:2      | Killed Jessica
  1619 | D:2      | Identified the +7 broad axe of Ufuzen {speed, rElec rPois
                  | Str+3}
  1839 | D:2      | Found a runed translucent door.
  1840 | D:2      | Noticed Crazy Yiuf
  1847 | D:2      | Killed Crazy Yiuf
  1848 | D:2      | Reached XP level 6. HP: 44/53 MP: 5/5
  2001 | D:3      | Reached skill level 5 in Axes
  2125 | D:3      | Noticed Robin
  2130 | D:3      | Reached skill level 5 in Fighting
  2136 | D:3      | Killed Robin
  2143 | D:3      | Reached skill level 6 in Armour
  2492 | D:4      | Identified the +0 robe of a Labyrinth {Str+6}
  2579 | D:4      | Reached skill level 5 in Shields
  2579 | D:4      | Reached XP level 7. HP: 55/61 MP: 6/6
  2778 | D:4      | Found a burning altar of Makhleb.
  3083 | D:5      | Entered Level 5 of the Dungeon
  3108 | D:5      | Reached skill level 7 in Armour
  3343 | D:5      | Found a blossoming altar of Fedhas.
  3345 | D:5      | Reached XP level 8. HP: 70/70 MP: 7/7
  4157 | D:6      | Found an ornate altar of the Wu Jian Council.
  4343 | D:6      | Reached skill level 8 in Armour
  4804 | D:7      | Reached skill level 9 in Armour
  4804 | D:7      | Reached XP level 9. HP: 77/78 MP: 8/8
  4881 | D:7      | Slain by a gnoll

Illustrated notes

Levels and vault maps discovered:
D:1:      dpeg_arrival_shrine, layout_basic
D:2:      minmay_roachtagon, layout_loops_corners, st_stairs_11, uniq_sigmund,
          uniq_jessica, uniq_crazy_yiuf_cottage
D:3:      layout_basic, minmay_lizard_king, uniq_robin
D:4:      layout_cave_pools, makhleb_heckhound_becter,
          chequers_serial_rivers_small_3
D:5:      layout_basic, old_standard_altar
D:6:      layout_gridville, mainiacjoe_overflow_24_doors,
          kennysheep_generic_room_8
D:7:      layout_cave_pools, minmay_temple_entry_fiery, serial_gnoll_camp,
          gnoll_camp_mini_basic, gnoll_camp_mini_hut, gnoll_camp_mini_loothouse,
          gnoll_camp_huts_moat, gnoll_camp_mini_hut

Skill      XL: |  1  2  3  4  5  6  7  8 |
---------------+-------------------------+-----
Armour         | 4 5 6 7 9 |  9.0
Axes           | 3 4 5 6 8 |  8.5
Fighting       | 4 5 6 |  6.9
Shields        | 4 5 6 |  6.7

Action                   |  1- 3 |  4- 6 |  7- 9 || total
-------------------------+-------+-------+-------++-------
Melee: War axe           |    53 |    22 |       ||    75
       Headbutt          |     5 |    18 |    23 ||    46
       Broad axe         |       |   108 |   124 ||   232
  Use: Potion            |     1 |       |       ||     1
Armor: Scale mail        |     7 |       |       ||     7
       Plate armour      |    30 |    63 |    71 ||   164
Dodge: Dodged            |    20 |    23 |    31 ||    74
Block: Buckler           |    14 |    17 |    23 ||    54

Table legend: (Time is in decaauts)
 A = Elapsed time spent in this place.
 B = Non-inter-level travel time spent in this place.
 C = Inter-level travel time spent in this place.
 D = Time resting spent in this place.
 E = Time spent auto-exploring this place.
 F = Levels seen in this place.
 G = Mean time per level.
                   A        B        C        D        E       F      G
               +--------+--------+--------+--------+--------+-----+--------+
         Total |   4878 |   4679 |    199 |      0 |   3916 |   7 |  696.9 |
       Dungeon |   4878 |   4679 |    199 |      0 |   3916 |   7 |  696.9 |
               +--------+--------+--------+--------+--------+-----+--------+

Top non-repeatable levels by time:
     D:2: 1160 daAuts
     D:5: 951 daAuts
     D:1: 794 daAuts
     D:6: 742 daAuts
     D:4: 603 daAuts
     D:3: 542 daAuts
     D:7: 83 daAuts
